 Dungeon Crawl Stone Soup version 0.28-a0-519-gbfeecf2fc5 (webtiles) character file.

Game seed: 8624443652200584585

176 a11behringer the Chopper (level 5, -1/54 HPs)
             Began as an Ogre Cinder Acolyte on Sept 23, 2021.
             Was a High Priest of Ignis.
             Succumbed to a kobold brigand's poison
             ... in a sewer.
             The game lasted 00:07:52 (2730 turns).

a11behringer the Chopper (Ogre Cinder Acolyte)      Turns: 2730, Time: 00:07:53

Health: -1/54      AC:  4    Str: 18    XL:     5   Next: 56%
Magic:  6/6        EV:  9    Int: 15    God:    Ignis [*****.]
Gold:   9          SH:  0    Dex:  5    Spells: 6/6 levels left

rFire   + . .      SeeInvis .   a - -1 hand axe (flame)
rCold   . . .      Faith    .   (no shield)
rNeg    . . .      Spirit   .   b - +0 robe
rPois   .          Reflect  .   h - +1 hat
rElec   .          Harm     .   (no cloak)
rCorr   .          Rampage  .   (gloves unavailable)
Will    .....                   (boots unavailable)
Stlth   +.........              (no amulet)
HPRegen 0.18/turn               (no ring)
MPRegen 0.10/turn               (no ring)

@: lethally poisoned (-1 -> -13), very slow
A: large, unfitting armour, tough skin 1
a: Renounce Religion, Sea of Fire, Foxfire Swarm, Rising Flame


You were in a sewer.
You worshipped Ignis.
Ignis was extremely pleased with you.
You visited 1 branch of the dungeon, and saw 3 of its levels.
You also visited: Sewer.

You collected 9 gold pieces.

Inventory:

Hand Weapons
 a - a -1 hand axe of flaming (weapon)
 g - a +0 war axe
Armour
 b - a +0 robe (worn)
 h - a +1 hat (worn)
 l - a +0 helmet
Scrolls
 d - 4 scrolls of identify {unknown}
 f - a scroll of fear {unknown}
 j - a scroll of enchant weapon {unknown}
 k - a scroll of torment {unknown}
 m - a scroll of summoning {unknown}
Potions
 c - a potion of heal wounds {unknown}
 e - a potion of curing {unknown}
 i - a potion of flight {unknown}
 n - a potion of haste {unknown}


   Skills:
 - Level 4.0 Fighting
 * Level 5.4 Axes
 + Level 1.4 Dodging
 + Level 0.3 Stealth
 + Level 1.3 Spellcasting
 + Level 2.9 Fire Magic


You had 6 spell levels left.
You didn't know any spells.
Your spell library contained the following spells:

 Spells                   Type           Power      Damage    Failure   Level
 Scorch                   Fire           18%        2d6       11%         2
 Ozocubu's Armour         Ice            0%         N/A       58%         3
 Ozocubu's Refrigeration  Ice            0%         4d5       100%        7


Dungeon Overview and Level Annotations

Branches:
Dungeon (3/15)              Sewer (1/1)

Altars:


Innate Abilities, Weirdness & Mutations

You are too large for most types of armour.
You have tough skin. (AC +1)


Message History

The poisoned dart hits you!
You are more poisoned.
You enter the shallow water.
Moving in this stuff is going to be slow.
You feel very sick.
The kobold brigand throws a poisoned dart.
The poisoned dart barely misses you.
You feel very sick.
The kobold brigand throws a poisoned dart.
The poisoned dart hits you!
You are more poisoned.
You feel very sick.
The kobold brigand throws a poisoned dart.
The poisoned dart hits you!
You are more poisoned.
The kobold brigand hits you with a +0 short sword.
You barely miss the kobold brigand.
You feel very sick.
The kobold brigand completely misses you.
You closely miss the kobold brigand.
You feel very sick.
The kobold brigand throws a poisoned dart.
The poisoned dart hits you!
You are more poisoned.
The kobold brigand hits you with a +0 short sword.
You hit the kobold brigand. You burn the kobold brigand.
The kobold brigand is moderately wounded.
You hit the kobold brigand. You burn the kobold brigand.
You feel very sick.
The kobold brigand hits you with a +0 short sword.
* * * LOW HITPOINT WARNING * * *
You barely miss the kobold brigand.
The kobold brigand is moderately wounded.
You barely miss the kobold brigand.
* * * LOW HITPOINT WARNING * * *
You feel very sick.
The kobold brigand hits you with a +0 short sword!
* * * LOW HITPOINT WARNING * * *
The kobold brigand splashes around in the water.
You die...

.≈≈≈≈≈≈# .....≈.#
....≈≈≈## #######
≈..≈.≈..## #####≈†≈≈.#
.≈.##≈≈≈.####≈≈≈≈†#####
≈.####.≈...≈≈≈###.≈≈≈.#
.≈# #≈≈≈≈≈≈≈≈# #######
≈≈. ##.≈≈.≈≈≈###≈K≈≈.#
≈ #######..≈@≈#
#####≈K≈≈.# #######


You could see 2 kobold brigands.

Vanquished Creatures
  A kobold brigand (Sewer)
  An orc wizard (D:3)
  2 adders
  A river rat (Sewer)
  A worm (Sewer)
  A dart slug (D:2)
  An orc (D:3)
  2 bats
  3 endoplasms
  4 giant cockroaches
  3 goblins (D:1)
  2 hobgoblins
  5 jackals (D:2)
  4 quokkas (D:1)
  8 ball pythons
  A frilled lizard (D:2)
  8 kobolds
  4 rats
52 creatures vanquished.

Vanquished Creatures (others)
  8 plants (D:1)
  3 withered plants (D:1)
11 creatures vanquished.

Grand Total: 63 creatures vanquished

Notes
Turn   | Place    | Note
-------+----------+-------------------------------------------
     0 | D:1      | a11behringer the Ogre Cinder Acolyte began the quest for
                  | the Orb.
     0 | D:1      | Reached XP level 1. HP: 24/24 MP: 2/2
   173 | D:1      | Found a faded altar of an unknown god.
   322 | D:1      | Reached XP level 2. HP: 32/32 MP: 3/3
  1466 | D:2      | Reached XP level 3. HP: 24/39 MP: 4/4
  1706 | D:2      | Reached skill level 4 in Axes
  2164 | D:3      | Found a glowing drain.
  2177 | D:3      | Reached XP level 4. HP: 44/48 MP: 5/5
  2198 | D:3      | Reached skill level 1 in Dodging
  2206 | Sewer    | Entered a sewer
  2469 | Sewer    | Noticed a kobold brigand
  2484 | Sewer    | Killed a kobold brigand
  2485 | Sewer    | Reached skill level 5 in Axes
  2485 | Sewer    | Reached XP level 5. HP: 39/54 MP: 6/6
  2722 | Sewer    | Noticed a kobold brigand
  2722 | Sewer    | Noticed a kobold brigand
  2730 | Sewer    | Succumbed to a kobold brigand's poison

Illustrated notes

Levels and vault maps discovered:
D:1:      minmay_arrival_four_loops, layout_loops_ring,
          shapermc_ecumenical_altar_flowoftime
D:2:      layout_rooms
D:3:      layout_rooms, nicolae_ru_sacrificial_ziggurat,
          chequers_temple_overflow_statue_of_worship, serial_shops, shop,
          gup_sewer_entry_glass, uniq_jessica, uniq_robin
Sewer:    sewer_co_tree

Skill      XL: |  1  2  3  4 |
---------------+-------------+-----
Axes           | 4 5 |  5.4
Dodging        | 1 |  1.4
Fighting       | |  4.0
Stealth        | |  0.3
Spellcasting   | |  1.3
Fire Magic     | |  2.9

Action                   |  1- 3 |  4- 6 || total
-------------------------+-------+-------++-------
Melee: Hand axe          |   193 |    65 ||   258
Armor: Robe              |    88 |    15 ||   103
Dodge: Dodged            |    95 |    22 ||   117

Table legend: (Time is in decaauts)
 A = Elapsed time spent in this place.
 B = Non-inter-level travel time spent in this place.
 C = Inter-level travel time spent in this place.
 D = Time resting spent in this place.
 E = Time spent auto-exploring this place.
 F = Levels seen in this place.
 G = Mean time per level.
                   A        B        C        D        E       F      G
               +--------+--------+--------+--------+--------+-----+--------+
         Total |   2855 |   2620 |    235 |      0 |   1901 |   4 |  713.8 |
       Dungeon |   2230 |   1995 |    235 |      0 |   1590 |   3 |  743.3 |
         Sewer |    624 |    624 |      0 |      0 |    311 |   1 |  624.0 |
               +--------+--------+--------+--------+--------+-----+--------+

Top non-repeatable levels by time:
     D:1: 1476 daAuts
     D:2: 706 daAuts
   Sewer: 624 daAuts
     D:3: 47 daAuts
